 Dungeon Crawl Stone Soup version 0.31-a0-267-g3fc6992b3b (webtiles) character file.

Game seed: 7393511137122946589

2013 qw the Skirmisher (level 9, -3/79 HPs)
             Began as a Minotaur Hexslinger on July 14, 2023.
             Slain by a gnoll
             ... wielding a +0 whip
             ... led by a gnoll bouda
              (4 damage)
             ... on level 7 of the Dungeon.
             The game lasted 00:02:39 (6246 turns).

qw the Skirmisher (Minotaur Hexslinger)             Turns: 6246, Time: 00:02:39

Health: -3/79      AC:  6    Str: 13    XL:     9   Next: 2%
Magic:  9/9        EV: 12    Int: 10    God:
Gold:   379        SH:  0    Dex: 17    Spells: 9/10 levels left

rFire   + . .        Y - +0 longbow
rCold   + . .        (shield currently unavailable)
rNeg    . . .        b - +0 ring mail
rPois   .            (helmet restricted)
rElec   .            l - +0 cloak
rCorr   .            (no gloves)
SInv    .            (no boots)
Will    .....        d - amulet of faith
Stlth   +            g - ring of Woshek {rF+ rC+}
HPRegen 0.33/turn    (no ring)
MPRegen 0.11/turn

%: faith
@: weakened
A: horns 2, retaliatory headbutt
a: no special abilities


You were on level 7 of the Dungeon.
You visited 1 branch of the dungeon, and saw 7 of its levels.
You also visited: Sewer.

You collected 379 gold pieces.


Innate Abilities, Weirdness & Mutations

You have a pair of horns on your head.
You reflexively headbutt those who attack you in melee.


   Skills:
 - Level 7.1 Fighting
 - Level 10.8 Ranged Weapons
 - Level 2.2 Armour
 + Level 3.4 Dodging
 - Level 1.0 Spellcasting
 - Level 2.0 Hexes


You had 9 spell levels left.
You knew the following spells:

 Your Spells              Type           Power      Damage    Failure   Level
a - Slow                  Hex            16%        N/A       32%         1

Your spell library contained the following spells:

 Spells                   Type           Power      Damage    Failure   Level
 Inner Flame              Hex/Fire       2%         N/A       82%         3
 Portal Projectile        Hex/Tloc       4%         N/A       82%         3
 Cause Fear               Hex            2%         N/A       97%         4

Inventory:

Hand Weapons
 Y - a +0 longbow (weapon)
Armour
 b - a +0 ring mail (worn)
 l - a +0 cloak (worn)
Jewellery
 d - an amulet of faith (around neck)
 g - the ring of Woshek (left hand) {rF+ rC+}
   (You acquired it on level 3 of the Dungeon)

   [ring of protection from cold]

   rF:        It protects you from fire.
   rC:        It protects you from cold.
 k - a ring of ice
Scrolls
 a - 2 scrolls of identify
Potions
 c - 2 potions of enlightenment
 f - 2 potions of curing
 i - a potion of haste
 j - a potion of might

Dungeon Overview and Level Annotations

Branches:
Dungeon (7/15)              Sewer (visited)
 Temple: D:4-7

Altars:
Gozag
Hepliaklqana
Nemelex Xobeh
Okawaru
Vehumet
Xom
Yredelemnul

Annotations:
D:4 3 runed translucent doors, qw's ghost, amateur MiHs
D:7 1 runed translucent door, qw's ghost, novice MiHs


Message History

You shoot an arrow.
The arrow completely misses the gnoll bouda.
Something hits you.
The orc warrior hits you with a +0 flail.
The gnoll barely misses you.
The gnoll bouda hits you with a +0 whip!
The gnoll bouda hits you with a +0 whip.
You hear some strange, mumbled words.
A puff of flame appears from out of thin air!
The puff of flame hits you. You resist. The orc warrior misses you.
6244 ||| DRINKING potion of heal wounds.
You feel much better.
The gnoll hits you from afar with a +0 spear!
The gnoll misses you. The gnoll bouda barely misses you.
The gnoll bouda misses you. Something hits you but does no damage.
The orc warrior barely misses you.
You shoot an arrow. The arrow hits the gnoll bouda!
The gnoll bouda is almost dead.
The gnoll hits you with a +0 club. The gnoll closely misses you.
The gnoll misses you. The gnoll bouda completely misses you.
You furiously retaliate!
You headbutt the gnoll bouda.
You kill the gnoll bouda!
The gnoll bouda hits you with a +0 whip!
You hear some strange, mumbled words.
A magic dart appears from out of thin air!
The magic dart hits you.
The orc warrior hits you with a +0 flail.
The gnoll barely misses you.
You shoot an arrow. The arrow hits the orc warrior!
The orc warrior is moderately wounded.
The gnoll hits you from afar with a +0 spear.
The gnoll hits you with a +0 whip.
The gnoll bouda gazes fiercely through you!
You feel as though you will be weak longer.
The gnoll bouda hits you with a +0 whip.
Something hits you but does no damage.
The orc warrior hits you with a +0 flail.
The gnoll barely misses you. The gnoll closely misses you.
The gnoll hits you with a +0 whip.
You die...

.... .P..... ~
77.......#### ..
7.7......#..#
..~ 7.......#..
...~
7......#)##....~
PPP....o@g.....~
P#....g{g.....~
#.....gg......
#.))...#+##.~.
#')##..# ~~
#)..#..# ~
#...#..#
#...#..^
#)###)...


You could see an orc warrior, a gnoll bouda (swift) and 4 gnolls.

Vanquished Creatures
  Prince Ribbit (D:5)
  An orc warrior (D:7)
  2 black bears (D:6)
  An ice beast (D:7)
  3 centaurs
  2 ogres
  2 bullfrogs (Sewer)
  2 howler monkeys
  4 hounds
  3 gnoll boudas (D:7)
  4 jellies
  3 iguanas
  An orc wizard (D:6)
  A sleepcap (D:6)
  9 gnolls
  4 river rats (Sewer)
  11 adders
  An adder zombie (D:4)
  3 worms
  9 orcs
  17 ball pythons
  8 endoplasms
  4 giant cockroaches
  10 goblins
  10 hobgoblins
  A jackal (D:3)
  6 kobolds
  6 quokkas
  5 bats
  5 frilled lizards
  A quokka zombie (D:4)
  21 rats
161 creatures vanquished.

Notes
Turn   | Place    | Note
-------+----------+-------------------------------------------
     0 | D:1      | qw the Minotaur Hexslinger began the quest for the Orb.
     0 | D:1      | Reached XP level 1. HP: 16/16 MP: 1/1
     0 | D:1      | 0 ||| qw: Version: 0.3-a-52-g30416fa
     0 | D:1      | 0 ||| qw: Game counter: 7917
     0 | D:1      | 0 ||| qw: Melee chars always use a shield: true
     0 | D:1      | 0 ||| qw: God list: Okawaru
     0 | D:1      | 0 ||| qw: Allow faded altars: false
     0 | D:1      | 0 ||| qw: Do Orc after clearing Dungeon:15 true
     0 | D:1      | 0 ||| qw: Do second Lair branch before Depths: true
     0 | D:1      | 0 ||| qw: Lair rune preference: random
     0 | D:1      | 0 ||| qw: Goals: Normal
     0 | D:1      | 0 ||| PLANNING D:1-11
   105 | D:1      | Reached skill level 3 in Ranged Weapons
   142 | D:1      | Reached XP level 2. HP: 23/23 MP: 2/2
   236 | D:1      | You fall into a shaft and drop 1 floor!
   373 | D:2      | 373 ||| READING scroll labelled ZIOFETZAELL.
   374 | D:2      | 374 ||| READING scroll labelled CUYRCHA MYACS.
   375 | D:2      | 375 ||| READING scroll labelled USCHUKL KEMUNK.
   379 | D:2      | 379 ||| READING scroll labelled JOENAOM JEZYIS.
   380 | D:2      | 380 ||| DROPPING scroll of poison.
   387 | D:2      | 387 ||| FLEEEEING.
   388 | D:2      | 388 ||| FLEEEEING.
   389 | D:2      | 389 ||| FLEEEEING.
   390 | D:2      | 390 ||| FLEEEEING.
   391 | D:2      | 391 ||| FLEEEEING.
   392 | D:2      | 392 ||| STAIRDANCE
   461 | D:1      | Reached XP level 3. HP: 29/29 MP: 3/3
   578 | D:1      | Reached skill level 4 in Ranged Weapons
   823 | D:1      | 823 ||| UPGRADING to amulet of faith.
   828 | D:1      | 828 ||| READING scroll labelled PASIAJOCEU.
  1133 | D:2      | Reached XP level 4. HP: 34/36 MP: 4/4
  1390 | D:2      | 1390 ||| UPGRADING to +0 ring mail.
  1400 | D:2      | 1400 ||| DROPPING +0 robe.
  1401 | D:2      | 1401 ||| READING 2 scrolls of identify.
  1401 | D:2      | 1401 ||| IDENTIFYING fuming amethyst potion
  1588 | D:3      | Reached skill level 1 in Armour
  1615 | D:3      | Found a sparkling altar of Nemelex Xobeh.
  1897 | D:3      | Reached skill level 5 in Ranged Weapons
  2153 | D:3      | 2153 ||| UPGRADING to +0 cloak.
  2158 | D:3      | 2158 ||| READING scroll labelled IRAOTA EX DASS.
  2158 | D:3      | Identified a scroll of acquirement
  2158 | D:3      | 2158 ||| ACQUIRING ring of Woshek {rF+ rC+}
  2158 | D:3      | Acquired the ring of Woshek {rF+ rC+}
  2160 | D:3      | 2160 ||| UPGRADING to ring of Woshek {rF+ rC+}.
  2161 | D:3      | 2161 ||| DROPPING ring of ice.
  2162 | D:3      | 2162 ||| READING scroll labelled XINTIUMUTI.
  2178 | D:4      | 2178 ||| PLANNING OSSUARY
  2198 | D:4      | Reached skill level 3 in Fighting
  2198 | D:4      | Reached XP level 5. HP: 45/45 MP: 5/5
  2339 | D:4      | Found a runed translucent gate.
  2339 | D:4      | Found a runed translucent gate.
  2339 | D:4      | Found a runed translucent gate.
  2339 | D:4      | Noticed qw's ghost (amateur MiHs)
  2342 | D:4      | Found a basalt altar of Yredelemnul.
  2438 | D:4      | Noticed an ogre
  2446 | D:4      | Killed an ogre
  2447 | D:4      | Reached skill level 6 in Ranged Weapons
  2450 | D:4      | Reached XP level 6. HP: 32/52 MP: 6/6
  2610 | D:4      | Found a sand-covered staircase.
  2804 | D:4      | 2804 ||| RIP OSSUARY
  2897 | D:4      | 2897 ||| PLANNING D:1-11
  3203 | D:4      | Identified the +4 flail of Muhesmat {elec, rPois}
  3267 | D:4      | 3267 ||| READING 2 scrolls labelled NUOKKAF SUYL.
  3268 | D:4      | 3268 ||| DRINKING 2 fuming inky potions.
  3301 | D:4      | 3301 ||| DRINKING 2 black potions.
  3302 | D:4      | 3302 ||| READING 2 scrolls of identify.
  3302 | D:4      | 3302 ||| IDENTIFYING inky potion
  3303 | D:4      | 3303 ||| DROPPING potion of lignification.
  3304 | D:4      | 3304 ||| DROPPING scroll of fear.
  3305 | D:4      | 3305 ||| DROPPING potion of invisibility.
  3345 | D:5      | Entered Level 5 of the Dungeon
  3531 | D:5      | 3531 ||| SWAPPING to +0 longbow.
  3532 | D:5      | 3532 ||| DROPPING +2 sling.
  3651 | D:5      | HP: 8/52 [acid (7)]
  3652 | D:5      | 3652 ||| READING scroll of teleportation.
  3653 | D:5      | 3653 ||| DRINKING 2 potions of heal wounds.
  3773 | D:5      | Reached skill level 7 in Ranged Weapons
  3849 | D:5      | Noticed Prince Ribbit
  3863 | D:5      | Killed Prince Ribbit
  3864 | D:5      | Reached skill level 8 in Ranged Weapons
  3864 | D:5      | Reached XP level 7. HP: 39/59 MP: 7/7
  4068 | D:5      | Found a hazy altar of Hepliaklqana.
  4212 | D:5      | 4212 ||| READING scroll labelled ZACUEPERHO.
  4213 | D:5      | 4213 ||| DRINKING 3 fizzy clear potions.
  4242 | D:6      | 4242 ||| PLANNING SEWER
  4264 | D:6      | Found an opulent altar of Gozag.
  4312 | D:6      | Found a glowing drain.
  4321 | Sewer    | Entered a sewer
  4335 | Sewer    | 4335 ||| Stepping ~*~*~tactically~*~*~ (water).
  4446 | Sewer    | 4446 ||| Stepping ~*~*~tactically~*~*~ (water).
  4455 | Sewer    | 4455 ||| Stepping ~*~*~tactically~*~*~ (water).
  4572 | Sewer    | 4572 ||| Stepping ~*~*~tactically~*~*~ (water).
  4580 | Sewer    | HP: 15/61 [adder (2)]
  4580 | Sewer    | HP: 5/61 [adder (3)]
  4581 | Sewer    | Reached XP level 8. HP: 5/68 MP: 8/8
  4581 | Sewer    | 4581 ||| DRINKING 3 potions of heal wounds.
  4584 | Sewer    | 4584 ||| DRINKING 2 potions of heal wounds.
  4585 | Sewer    | Reached skill level 9 in Ranged Weapons
  4695 | Sewer    | 4695 ||| READING scroll labelled CYWACVO BIATI.
  4696 | Sewer    | 4696 ||| DRINKING 2 lumpy orange potions.
  4697 | Sewer    | 4697 ||| READING 3 scrolls of identify.
  4697 | Sewer    | 4697 ||| IDENTIFYING viscous black potion
  4698 | Sewer    | 4698 ||| READING 2 scrolls of identify.
  4698 | Sewer    | 4698 ||| IDENTIFYING golden potion
  4699 | Sewer    | 4699 ||| DROPPING potion of attraction.
  4703 | D:6      | 4703 ||| PLANNING D:1-11
  4759 | D:6      | Found an iron altar of Okawaru.
  4776 | D:6      | 4776 ||| PLANNING OKAWARU WORSHIP
  4898 | D:6      | Reached skill level 3 in Dodging
  5031 | D:6      | Reached skill level 6 in Fighting
  5441 | D:6      | Reached skill level 10 in Ranged Weapons
  5691 | D:6      | 5691 ||| READING scroll labelled WUDOSA CAYC.
  5792 | D:6      | 5792 ||| DRINKING 2 green potions.
  5793 | D:6      | 5793 ||| READING 3 scrolls of identify.
  5793 | D:6      | 5793 ||| IDENTIFYING pink potion
  5794 | D:6      | 5794 ||| DROPPING potion of brilliance.
  5795 | D:6      | 5795 ||| DROPPING potion of magic.
  5796 | D:6      | 5796 ||| PLANNING D:1-11
  5802 | D:6      | 5802 ||| PLANNING OKAWARU WORSHIP
  5840 | D:6      | 5840 ||| PLANNING D:1-11
  5966 | D:7      | Found a radiant altar of Vehumet.
  5995 | D:7      | Found a runed translucent door.
  5995 | D:7      | Found a shimmering altar of Xom.
  5995 | D:7      | Noticed qw's ghost (novice MiHs)
  5995 | D:7      | Noticed a +1 hand axe of chaos
  6243 | D:7      | Reached XP level 9. HP: 26/79 MP: 9/9
  6243 | D:7      | HP: 19/79 [orc warrior/+0 flail (5)]
  6243 | D:7      | HP: 7/79 [gnoll bouda/+0 whip (3)]
  6244 | D:7      | 6244 ||| DRINKING potion of heal wounds.
  6246 | D:7      | HP: 1/79 [orc warrior/+0 flail (4)]
  6246 | D:7      | Slain by a gnoll

Levels and vault maps discovered:
D:1:      enne_arrival_octagon_isle, layout_loops_ring, minmay_misc_feat_columns
D:2:      layout_loops_cross
D:3:      layout_loops_ring, nemelex_spade_bored_becter, st_stairs_11
D:4:      layout_basic, nicolae_yredelemnul_ghost_church,
          nicolae_ossuary_entry_false_entrances
D:5:      layout_basic, lemuel_crystal_altar, uniq_prince_ribbit1
D:6:      layout_gridville, general_overflow_altar, mainiacjoe_overflow_paths,
          portal_sewer_entry_b
D:7:      kennysheep_seaside_town, layout_loops_cross,
          nicolae_vehumet_altar_sigil, minmay_temple_entry_ruins,
          ebering_ghost_xom

Skill      XL: |  1  2  3  4  5  6  7  8 |
---------------+-------------------------+-----
Ranged Weapons | 3 4 5 6 8 10 | 10.8
Fighting       | 2 3 4 5 7 |  7.1
Armour         | 1 2 |  2.2
Dodging        | 3 |  3.4
Spellcasting   | |  1.0
Hexes          | |  2.0

Action                     |  1- 3 |  4- 6 |  7- 9 || total
---------------------------+-------+-------+-------++-------
   Fire: Sling             |   131 |   132 |       ||   263
         Longbow           |       |    41 |   210 ||   251
    Use: Scroll            |     5 |     6 |     6 ||    17
         Potion            |       |     3 |     6 ||     9
 Armour: Robe              |    11 |       |       ||    11
         Ring mail         |       |    29 |    44 ||    73
  Dodge: Dodged            |    30 |    60 |   100 ||   190

Table legend:
 A = Non-vault XP
 B = Vault XP
 C = Vault XP percentage of total XP
 D = Non-vault monster count
 E = Vault monster count
 F = Vault count percentage of total count
                 A         B        C        D         E       F
            +---------+---------+-------+---------+---------+-------
      Total |    1793 |    1083 |  37.7 |     103 |      58 |  36.0
            +---------+---------+-------+---------+---------+-------
        D:1 |      49 |       0 |   0.0 |      21 |       0 |   0.0
        D:2 |      54 |       0 |   0.0 |      23 |       0 |   0.0
        D:3 |      54 |       6 |  10.0 |      18 |       3 |  14.3
        D:4 |     228 |       7 |   3.0 |       8 |       2 |  20.0
        D:5 |     466 |     283 |  37.8 |      14 |       1 |   6.7
        D:6 |     768 |       7 |   0.9 |      16 |       2 |  11.1
        D:7 |     174 |     452 |  72.2 |       3 |      11 |  78.6
      Sewer |       0 |     328 | 100.0 |       0 |      39 | 100.0
            +---------+---------+-------+---------+---------+-------
